 Dungeon Crawl Stone Soup version 0.23.0 (webtiles) character file.

Game seed: 6161415557526243445

88 Oravi the Chopper (level 4, 0/40 HPs)
             Began as a Hill Orc Fighter on Feb 8, 2019.
             Succumbed to an adder's poison
             ... on level 3 of the Dungeon.
             The game lasted 00:07:05 (1889 turns).

Oravi the Chopper (Hill Orc Fighter)                Turns: 1889, Time: 00:07:06

Health: 0/40       AC: 10    Str: 24    XL:     4   Next: 53%
Magic:  4/4        EV:  5    Int: 13    God:
Gold:   104        SH:  9    Dex: 10    Spells: 3/3 levels left

rFire    . . .     SeeInvis +   a - +0 war axe
rCold    . . .     Gourm    .   c - +0 shield
rNeg     . . .     Faith    .   p - +0 chain mail
rPois    .         Spirit   .   (no helmet)
rElec    .         Reflect  .   (no cloak)
rCorr    .         Harm     .   l - +0 pair of gloves
MR       .....                  (no boots)
Stlth    ..........             m - amulet of the acrobat
HPRegen  0.13/turn              h - ring of see invisible
MPRegen  0.09/turn              (no ring)

@: mighty, brilliant, lethally poisoned (0 -> -12), very slightly contaminated,
invisible
A: no striking features
a: no special abilities


You were on level 3 of the Dungeon.
You were not hungry.

You visited 1 branch of the dungeon, and saw 3 of its levels.

You collected 104 gold pieces.

Inventory:

Hand Weapons
 a - a +0 war axe (weapon)
 b - a +0 hunting sling
 k - a +3 dagger of venom
Missiles
 i - 13 sling bullets
 o - 27 stones (quivered)
 s - 12 arrows
 v - 3 tomahawks
Armour
 c - a +0 shield (worn)
 e - a +0 scale mail
 l - a +0 pair of gloves (worn)
 p - a +0 chain mail (worn)
Jewellery
 h - a ring of see invisible (left hand)
 m - an amulet of the acrobat (around neck)
Scrolls
 j - 2 scrolls of enchant weapon {unknown}
 r - a scroll of noise {unknown}
 t - a scroll of identify {unknown}
Potions
 g - a potion of magic
 q - a potion of brilliance
Comestibles
 f - 6 rations
 u - a chunk of flesh


   Skills:
 - Level 3.8 Fighting
 * Level 5.7 Axes
 - Level 3.4 Armour
 - Level 3.4 Shields


You had 3 spell levels left.
You didn't know any spells.
Your spell library was empty.

Dungeon Overview and Level Annotations

Branches:
Dungeon (3/15)

Altars:

Annotations:
D:2 1 runed translucent door, Crazy Yiuf


Message History

The adder poisons you!
It was a potion of magic.
Magic courses through your body.
* * * LOW HITPOINT WARNING * * *
You feel sick. The adder barely misses you.
It was a potion of invisibility.
You fade into invisibility!
* * * LOW HITPOINT WARNING * * *
You feel sick. You block the adder's attack. x2
You are very lightly contaminated with residual magic.
It was a potion of brilliance.
You feel clever all of a sudden.
* * * LOW HITPOINT WARNING * * *
You feel sick. The adder bites you but does no damage.
You feel very mighty all of a sudden.
* * * LOW HITPOINT WARNING * * *
You feel sick. The adder barely misses you.
You strike the helpless adder from behind!
You slash the adder!
You kill the adder!
You die...

#..#### #..#
#..#
#####..#####
#........[..#
#.##....###.#
#....# #.#
#...## #.#
##.. #@# #..
#†# #.. ...
#. ...##
.#..# .....#
.# ##.# ..
#(.


There were no monsters in sight!

Vanquished Creatures
  4 adders
  An ooze (D:2)
  2 worms (D:2)
  A leopard gecko (D:2)
  4 orcs (D:3)
  3 bats (D:1)
  4 giant cockroaches (D:1)
  7 goblins
  A hobgoblin (D:1)
  A ball python (D:3)
  4 frilled lizards
  2 kobolds
  6 rats
40 creatures vanquished.

Notes
Turn   | Place    | Note
-------+----------+-------------------------------------------
     0 | D:1      | Oravi the Hill Orc Fighter began the quest for the Orb.
     0 | D:1      | Reached XP level 1. HP: 19/19 MP: 1/1
   153 | D:1      | Reached skill level 3 in Axes
   169 | D:1      | Reached XP level 2. HP: 15/27 MP: 2/2
   702 | D:1      | Reached skill level 4 in Axes
   793 | D:2      | Reached XP level 3. HP: 33/33 MP: 3/3
  1217 | D:2      | Reached skill level 5 in Axes
  1338 | D:2      | Reached XP level 4. HP: 36/40 MP: 4/4
  1449 | D:2      | Found a runed translucent door.
  1450 | D:2      | Noticed Crazy Yiuf
  1888 | D:3      | HP: 1/40 [poisoned by an adder]
  1889 | D:3      | Succumbed to an adder's poison

Skill      XL: |  1  2  3 |
---------------+----------+-----
Axes           | 3 4 5 |  5.7
Fighting       | |  3.8
Armour         | |  3.4
Shields        | |  3.4

Action                   |  1- 3 |  4- 6 || total
-------------------------+-------+-------++-------
Melee: War axe           |   114 |    26 ||   140
 Fire: Hunting sling     |     6 |    20 ||    26
  Use: Potion            |       |     4 ||     4
 Stab: Invisible         |       |     1 ||     1
  Eat: Chunk             |     2 |     1 ||     3
Armor: Scale mail        |    47 |       ||    47
       Chain mail        |     1 |    15 ||    16
Dodge: Dodged            |    34 |     7 ||    41
Block: Shield            |    55 |    19 ||    74
